 Dungeon Crawl Stone Soup version 0.27.1-4-g1640c2035a (webtiles) character file.

Game seed: 11787499937070592130

15 Eitelfritz the Sneak (level 2, -5/27 HPs)
             Began as a Deep Dwarf Delver on Nov 1, 2021.
             Slain by a mummy (13 damage)
             ... in an ossuary.
             The game lasted 00:01:15 (155 turns).

Eitelfritz the Sneak (Deep Dwarf Delver)             Turns: 155, Time: 00:01:16

Health: -5/27      AC:  3    Str: 15    XL:     2   Next: 34%
Magic:  2/2        EV: 12    Int: 10    God:
Gold:   0          SH:  0    Dex: 14    Spells: 1/1 levels left

rFire    . . .     SeeInvis .   a - +0 hand axe
rCold    . . .     Faith    .   (no shield)
rNeg     . . .     Spirit   .   b - +0 leather armour
rPois    .         Reflect  .   (no helmet)
rElec    .         Harm     .   (no cloak)
rCorr    .         Rampage  .   (no gloves)
Will     .....                  (no boots)
Stlth    +++.......             (no amulet)
HPRegen  0.00/turn              (no ring)
MPRegen  0.08/turn              (no ring)

@: marked
A: damage resistance, heal wounds, sense surroundings 1, no regeneration
a: Heal Wounds


You were in an ossuary.
You visited 1 branch of the dungeon, and saw 1 of its levels.
You also visited: Ossuary.

Inventory:

Hand Weapons
 a - a +0 hand axe (weapon)
Armour
 b - a +0 leather armour (worn)
Wands
 g - a wand of digging (3)
Scrolls
 c - a scroll of fog
 d - a scroll of magic mapping
 e - a scroll of fear
Potions
 f - a potion of haste


   Skills:
 + Level 2.7 Fighting
 + Level 2.9 Axes
 + Level 0.1 Armour
 + Level 2.1 Dodging
 + Level 6.3 Stealth


You had one spell level left.
You didn't know any spells.
Your spell library was empty.

Dungeon Overview and Level Annotations

Branches:
Dungeon (5/15)            Ossuary (1/1)
 Temple: D:4-7

Altars:


Innate Abilities, Weirdness & Mutations

You are resistant to damage.
You can heal yourself by infusing magical energy.
You passively map a small area around you.
You do not regenerate.


Message History

The centaur zombie kicks you but does no damage.
The jackal zombie closely misses you. The centaur zombie hits you.
The centaur zombie barely misses you. The mummy barely misses you.
You hit the centaur zombie.
The centaur zombie is heavily damaged.
You hit the mummy. You hit the jackal zombie.
You destroy the jackal zombie!
The centaur zombie closely misses you. x2
You hit the centaur zombie.
The centaur zombie is severely damaged.
You hit the mummy. You hit the kobold zombie.
The centaur zombie barely misses you. x2; The mummy closely misses you.
The kobold zombie hits you but does no damage.
You hit the mummy.
The mummy is lightly damaged.
You hit the mummy but do no damage. You barely miss the kobold zombie.
The kobold zombie hits you but does no damage.
The mummy hits you!
* * * LOW HITPOINT WARNING * * *
Unknown command.
You hit the mummy.
The mummy is moderately damaged.
You hit the mummy but do no damage. You closely miss the kobold zombie.
The kobold zombie closely misses you. The mummy closely misses you.
You hit the mummy.
The mummy is heavily damaged.
You hit the kobold zombie but do no damage.
You hit the mummy. The mummy misses you. The kobold zombie closely misses you.
Unknown command.
You hit the mummy but do no damage.
The mummy is heavily damaged.
You barely miss the kobold zombie. You barely miss the mummy.
The mummy hits you but does no damage. The mummy barely misses you.
The kobold zombie closely misses you.
You hit the mummy.
The mummy is severely damaged.
You barely miss the mummy.
You hit the kobold zombie but do no damage.
The mummy hits you!
You die...

#...##############...#
#...#, ,#...# , #...#
#...# **##...# #...#
#...#,, ....+####...#
#...#* #.∩.....#...#
#...# #.......#...#
#...#, #.......#...#
#...#Z####MZ.....#...#
#...#ZZZZM@......#...#
#...#Z####..####.#...#
#...#,* #^.#,,* #...#
#...#, ,,#^.# #...#
#...######.^######...#
#....................#
#........8..8........#
#....................#
#....................#


You could see 2 mummies, 3 kobold zombies, an elf zombie, 2 centaur zombies and
a human zombie.

Vanquished Creatures
  8 hobgoblin zombies (Ossuary)
  2 jackal zombies (Ossuary)
  7 kobold zombies (Ossuary)
  5 orc zombies (Ossuary)
22 creatures vanquished.

Notes
Turn   | Place    | Note
-------+----------+-------------------------------------------
     0 | D:5      | Eitelfritz the Deep Dwarf Delver began the quest for the
                  | Orb.
     0 | D:5      | Reached XP level 1. HP: 20/20 MP: 1/1
    11 | D:5      | Found a sand-covered staircase.
    15 | Ossuary  | Entered an ossuary
    79 | Ossuary  | Reached XP level 2. HP: 21/27 MP: 2/2
   155 | Ossuary  | Slain by a mummy

Illustrated notes

Levels and vault maps discovered:
D:5:      layout_gridville, enter_ossuary_5, cheibrodos_sewer_entry_drain
Ossuary:  ossuary_tomb_1

Action                   || total
-------------------------++-------
Melee: Hand axe          ||    73
 Stab: Sleeping          ||     2
Armor: Leather armour    ||    36
Dodge: Dodged            ||    67
